 Dungeon Crawl Stone Soup version 0.30-a0-583-g19bae12e61 (webtiles) character file.

Game seed: 4078825504704761833

32 Citaku the Chopper (level 3, -1/26 HPs)
             Began as a Human Wanderer on Jan 1, 2023.
             Killed from afar by Sigmund (7 damage)
             ... with a puff of flame
             ... on level 2 of the Dungeon.
             The game lasted 00:03:02 (1026 turns).

Citaku the Chopper (Human Wanderer)                 Turns: 1026, Time: 00:03:03

Health: -1/26      AC: 10    Str: 17    XL:     3   Next: 45%
Magic:  3/3        EV:  6    Int:  8    God:
Gold:   9          SH:  0    Dex: 13    Spells: 2/2 levels left

rFire   . . .      SeeInvis .    a - +2 hand axe
rCold   . . .      Faith    .    (no shield)
rNeg    . . .      Spirit   .    k - +0 chain mail
rPois   .          Reflect  .    c - +0 helmet
rElec   .          Harm     .    f - +0 cloak
rCorr   .          Rampage  .    (no gloves)
Will    .....                    (no boots) Stlth
                                 (no amulet)
HPRegen 0.24/turn                (no ring)
MPRegen 0.08/turn                (no ring)

@: confused
A: no striking features
a: no special abilities


You were on level 2 of the Dungeon.
You visited 1 branch of the dungeon, and saw 2 of its levels.

You collected 53 gold pieces.
You spent 44 gold pieces at shops.

Inventory:

Hand Weapons
 a - a +2 hand axe (weapon)
Armour
 c - a +0 helmet (worn)
 f - a +0 cloak (worn)
 k - a +0 chain mail (worn)
Jewellery
 l - an amulet of reflection
Scrolls
 b - a scroll of fog
 e - a scroll of fear {unknown}
 g - a scroll of identify
 h - a scroll of summoning
Potions
 d - 2 potions of invisibility
 i - a potion of lignification
 j - a potion of berserk rage
 m - a potion of heal wounds {unknown}


   Skills:
 + Level 1.0 Fighting
 + Level 4.6 Axes
 + Level 0.2 Armour
 + Level 3.5 Stealth
 + Level 2.0 Unarmed Combat


You had 2 spell levels left.
You didn't know any spells.
Your spell library contained the following spells:

 Spells                   Type           Power      Damage    Failure   Level
 Kiss of Death            Conj/Necr      0%         2d5       100%        1
 Confusing Touch          Hex            0%         N/A       100%        3
 Dispel Undead            Necr           0%         3d6       100%        4


Dungeon Overview and Level Annotations

Branches:
Dungeon (2/15)

Altars:

Shops:
D:1 ?

Annotations:
D:2 Sigmund


Message History

e - a scroll labelled LOXAUTEMEE
Found 17 gold pieces.
l - an amulet of reflection
m - a glowing grey potion Sigmund the Dreaded comes into view.
He is wielding a +0 scythe.
Sigmund shouts!
Sigmund drinks a potion.
Sigmund's spells are empowered!
You see here 17 gold pieces.
Sigmund's eyes start glowing with a red light.
Sigmund casts a spell at you.
You are confused.
Sigmund casts a spell at you. The puff of flame hits you!
Ouch! That really hurt!
You see here a +0 scale mail.
Sigmund mumbles some strange words.
Sigmund flickers and vanishes!
Deactivating autopickup; reactivate with Ctrl-A.
You are too confused!
You're too confused to move!
You feel less confused.
You hear some strange, mumbled words.
You are confused.
You see here 17 gold pieces.
You bump into the rock wall.
You are too confused!
You bump into the rock wall.
You're too confused to move!
You feel less confused.
You hear some strange, mumbled words.
You are confused.
You bump into the rock wall.
Something hits you!
* * * LOW HITPOINT WARNING * * *
You are more confused.
You are more confused.
You bump into the rock wall.
You hear some strange, mumbled words.
A puff of flame appears from out of thin air!
The puff of flame hits you!
You die...

######## ##.......
##########.#.#.#.#
#...............##
#@########.#.#.#.#
####.##### #.........
#....{.$.# #.##.####†
#.##.###{###.##.####.
# #.................
###$[#######......
#..# ####### #..#
....


There were no monsters in sight!

Vanquished Creatures
  2 adders (D:2)
  3 endoplasms
  4 jackals (D:2)
  A quokka (D:2)
  2 bats
  A rat (D:1)
13 creatures vanquished.

Notes
Turn   | Place    | Note
-------+----------+-------------------------------------------
     0 | D:1      | Citaku the Human Wanderer began the quest for the Orb.
     0 | D:1      | Citaku set off with the following items: a +2 hand axe, a
                  | scroll of fog, a +0 helmet, a potion of invisibility, a +0
                  | leather armour.
     0 | D:1      | Reached XP level 1. HP: 15/15 MP: 1/1
   593 | D:1      | Found Mero's Magic Scroll Shoppe.
   630 | D:1      | Bought a scroll of identify for 22 gold pieces
   630 | D:1      | Bought a scroll of identify for 22 gold pieces
   859 | D:2      | Reached XP level 2. HP: 21/21 MP: 2/2
   947 | D:2      | Reached XP level 3. HP: 26/26 MP: 3/3
  1004 | D:2      | Noticed Sigmund
  1026 | D:2      | Killed from afar by Sigmund

Illustrated notes

Levels and vault maps discovered:
D:1:      dpeg_arrival_yet_another_circle, layout_basic, serial_shops,
          nicolae_shop_hallway_stairs, hangedman_abyss_or_decor_stabs
D:2:      minmay_diamond_boxcup, layout_loops_ring, basic_altar, st_stairs_14,
          uniq_crazy_yiuf_cottage, uniq_sigmund

Action                   || total
-------------------------++-------
Melee: Hand axe          ||    29
       Punch             ||     1
  Use: Scroll            ||     3
Armor: Leather armour    ||    22
Dodge: Dodged            ||    34

Table legend: (Time is in decaauts)
 A = Elapsed time spent in this place.
 B = Non-inter-level travel time spent in this place.
 C = Inter-level travel time spent in this place.
 D = Time resting spent in this place.
 E = Time spent auto-exploring this place.
 F = Levels seen in this place.
 G = Mean time per level.
                   A        B        C        D        E       F      G
               +--------+--------+--------+--------+--------+-----+--------+
         Total |   1028 |   1028 |      0 |     51 |    584 |   2 |  514.0 |
       Dungeon |   1028 |   1028 |      0 |     51 |    584 |   2 |  514.0 |
               +--------+--------+--------+--------+--------+-----+--------+

Top non-repeatable levels by time:
     D:1: 850 daAuts
     D:2: 177 daAuts
